Map: Proxima Station LE

Players

Gemini - Winner!

  • Race: Protoss Protoss
  • League: Master
  • Spawn Location: 7:00

A.I. 1 (Very Easy)

  • Race: Zerg Zerg
  • Spawn Location: 1:00

VOD

https://youtu.be/5xZq0LQ5WgU?t=198

Description

Time

  • Played on: April 22, 2017, 3:24 p.m.
  • Length: 10:05
Show
View Real Time Build Order
Export as new Build Order

Gemini Protoss - Winner!

Build Orders: Nexus First, Zealot Archon 

Get SALT Encoding   

  12  0:01  Probe (Chrono Boost)  
  13  0:11  Probe (Chrono Boost)  
  14  0:20  Pylon  
  14  0:23  Probe (Chrono Boost)  
  15  0:39  Probe (Chrono Boost)  
  16  0:49  Probe (Chrono Boost)  
  17  0:58  Nexus  
  17  1:10  Gateway  
  17  1:12  Probe (Chrono Boost)  
  18  1:23  Probe (Chrono Boost)  
  18  1:24  Assimilator  
  19  1:31  Assimilator  
  19  1:34  Probe (Chrono Boost)  
  19  1:39  Gateway  
  20  1:45  Probe (Chrono Boost)  
  21  1:55  Probe (Chrono Boost)  
  22  2:01  Cybernetics Core  
  22  2:06  Probe (Chrono Boost)  
  23  2:12  Probe (Chrono Boost)  
  24  2:16  Probe (Chrono Boost)  
  24  2:22  Probe (Chrono Boost)  
  26  2:27  Probe (Chrono Boost)  
  27  2:33  Probe (Chrono Boost)  
  28  2:37  Probe (Chrono Boost)  
  28  2:38  Adept x2  
  28  2:39  Warp Gate  
  28  2:43  Probe (Chrono Boost)  
  34  2:53  Twilight Council  
  34  2:54  Probe (Chrono Boost)  
  34  2:55  Probe (Chrono Boost)  
  36  3:00  Pylon  
  36  3:04  Probe (Chrono Boost)  
  36  3:05  Probe (Chrono Boost)  
  38  3:18  Resonating Glaives, Adept x2  
  38  3:19  Probe x2 (Chrono Boost)  
  44  3:24  Pylon  
  44  3:29  Probe (Chrono Boost)  
  44  3:30  Probe (Chrono Boost)  
  46  3:38  Assimilator  
  46  3:40  Assimilator  
  46  3:42  Probe (Chrono Boost)  
  46  3:44  Probe (Chrono Boost)  
  46  3:46  Adept  
  46  3:47  Adept  
  52  3:51  Pylon  
  52  3:53  Probe (Chrono Boost)  
  54  3:56  Probe (Chrono Boost)  
  54  4:00  Pylon  
  54  4:09  Probe (Chrono Boost)  
  56  4:11  Probe (Chrono Boost)  
  56  4:13  Robotics Facility  
  56  4:23  Pylon  
  58  4:25  Mothership Core (Chrono Boost), Probe (Chrono Boost)  
  59  4:32  Templar Archives  
  59  4:36  Probe (Chrono Boost)  
  60  4:40  Pylon  
  60  4:44  Probe (Chrono Boost)  
  61  4:46  Adept x2, Probe (Chrono Boost)  
  66  4:55  Warp Prism  
  66  4:56  Probe (Chrono Boost)  
  66  4:58  Probe (Chrono Boost)  
  68  5:05  Nexus  
  68  5:07  Pylon  
  70  5:09  Probe (Chrono Boost)  
  70  5:10  Probe (Chrono Boost)  
  70  5:11  High Templar x2  
  76  5:15  Archon  
  76  5:20  Pylon  
  78  5:22  Probe x2 (Chrono Boost)  
  78  5:29  Gateway x2  
  78  5:34  Probe x2 (Chrono Boost)  
  80  5:44  High Templar x2  
  80  5:45  Observer  
  80  5:46  Probe x2 (Chrono Boost)  
  80  5:49  Archon  
  87  5:55  Gateway  
  87  5:57  Gateway, Forge  
  87  6:01  Pylon, Probe (Chrono Boost)  
  87  6:02  Probe (Chrono Boost)  
  89  6:06  Immortal  
  89  6:07  Pylon  
  93  6:11  Assimilator  
  93  6:15  Assimilator  
  95  6:19  Probe (Chrono Boost)  
  95  6:20  Protoss Ground Weapons Level 1, Probe (Chrono Boost)  
  95  6:24  Pylon  
  96  6:27  Sentry x2  
  96  6:29  Probe (Chrono Boost)  
  96  6:32  Probe (Chrono Boost)  
  102  6:35  Psionic Storm  
  102  6:39  Charge  
  98  6:40  Probe (Chrono Boost)  
  98  6:41  Probe (Chrono Boost)  
  98  6:44  Probe (Chrono Boost)  
  96  6:48  Immortal  
  96  6:50  Probe (Chrono Boost)  
  96  6:53  Probe (Chrono Boost)  
  100  6:56  Probe (Chrono Boost)  
  100  6:58  Pylon, Zealot  
  100  6:59  Zealot x2  
  100  7:01  Probe (Chrono Boost)  
  104  7:09  Gateway  
  104  7:11  Pylon, Gateway, High Templar  
  106  7:16  High Templar x2  
  109  7:23  Pylon  
  109  7:24  High Templar  
  109  7:25  Zealot x2  
  115  7:39  Immortal  
  119  7:50  High Templar  
  121  7:51  Zealot x4  
  121  7:57  Gateway  
  121  7:58  Gateway  
  129  7:59  Pylon  
  129  8:00  Pylon  
  129  8:04  Zealot  
  131  8:09  Gateway  
  131  8:10  Pylon, Gateway  
  131  8:12  Pylon  
  131  8:17  High Templar  
  131  8:18  High Templar x3  
  139  8:20  Zealot x2  
  139  8:21  Immortal  
  139  8:23  Archon x2  
  139  8:26  Nexus  
  147  8:28  Pylon  
  147  8:31  Zealot  
  147  8:32  Zealot  
  151  8:37  Pylon  
  151  8:39  Pylon  
  151  8:42  Pylon  
  151  8:45  High Templar x2  
  155  8:56  Zealot x6  
  155  8:57  Stargate  
  155  8:59  Pylon  
  155  9:01  Zealot x2  
  171  9:07  Archon  
  171  9:12  Zealot x2  
  175  9:39  High Templar x2  
  175  9:40  High Templar x2  
  175  9:41  Zealot x8  
  199  9:47  Archon x2  
  199  9:54  Fleet Beacon  
  199  9:55  Pylon  
  199  9:56  Assimilator  
  199  10:01  Assimilator  
Show
View Real Time Build Order
Export as new Build Order

A.I. 1 (Very Easy) Zerg 

Build Orders: Hatch First 

Get SALT Encoding   

  12  0:01  Drone  
  13  0:12  Overlord  
  13  0:16  Drone  
  14  0:43  Hatchery  
  14  0:46  Drone  
  14  1:06  Spawning Pool  
  14  1:08  Extractor  
  14  1:10  Drone  
  13  1:17  Drone  
  14  1:23  Overlord  
  14  1:53  Zergling x2  
  15  1:54  Zergling x2, Queen  
  18  2:04  Roach Warren  
  18  2:08  Drone  
  18  2:12  Extractor  
  18  2:15  Drone  
  18  2:20  Zergling x2  
  19  2:25  Drone  
  20  2:33  Drone  
  21  2:40  Drone  
  22  2:47  Drone  
  23  2:54  Drone  
  24  3:01  Drone  
  25  3:06  Roach  
  25  3:08  Drone  
  28  3:15  Overlord  
  28  3:20  Drone  
  29  3:27  Drone  
  29  3:33  Lair  
  30  3:35  Drone  
  31  3:46  Drone  
  32  3:52  Roach  
  32  3:54  Drone  
  35  4:01  Drone  
  36  4:04  Overlord  
  36  4:08  Drone  
  37  4:15  Drone  
  38  4:22  Drone  
  39  4:29  Drone  
  40  4:33  Overseer x2  
  40  4:37  Drone  
  40  4:38  Ravager, Roach  
  44  4:44  Drone  
  45  4:45  Overlord  
  45  4:51  Drone  
  46  4:58  Drone  
  47  5:05  Drone, Extractor  
  47  5:10  Extractor  
  47  5:12  Drone  
  46  5:19  Drone  
  47  5:27  Drone  
  48  5:34  Drone  
  49  5:37  Zergling x2  
  49  5:41  Drone  
  49  5:48  Drone  
  50  6:23  Zergling x2  
  51  6:29  Overlord  
  51  6:31  Drone  
  51  6:32  Queen  
  48  6:38  Drone  
  34  6:45  Drone  
  27  6:52  Zergling x2  
  27  6:53  Drone  
  24  7:00  Drone  
  23  7:07  Drone  
  24  7:14  Drone  
  25  7:20  Roach  
  25  7:21  Drone  
  28  7:28  Drone  
  29  7:35  Drone  
  27  7:42  Overseer  
  27  7:43  Drone  
  25  7:49  Zergling x2  
  25  7:50  Drone  
  27  7:57  Drone  
  28  8:04  Drone  
  29  8:11  Drone  
  30  8:18  Drone, Roach  
  33  8:26  Drone  
  34  8:33  Drone  
  35  8:40  Drone  
  36  8:47  Drone  
  37  8:54  Drone  
  38  9:01  Drone  
  39  9:03  Ravager, Zergling x2  
  39  9:09  Drone  
  42  9:16  Drone  
  43  9:17  Overlord  
  43  9:23  Drone  
  36  9:26  Overseer  
  36  9:30  Drone  
  20  9:32  Zergling x2  
  20  9:37  Overlord  
  20  9:38  Drone  
Tags
 
Add a new tag
Caveats
  • Supply blocks, unpowered buildings, or Contaminate may cause inaccurate times.
  • Supply counts are checked every 10 seconds.